 Dungeon Crawl Stone Soup version 0.28.0-45-g0d030f2227 (webtiles) character file.

Game seed: 16292253832711154745

71 protoss039 the Gusty (level 4, -2/24 HPs)
             Began as a Deep Elf Air Elementalist on Apr 1, 2022.
             Slain by Grinder (9 damage)
             ... on level 3 of the Dungeon.
             The game lasted 00:04:02 (3689 turns).

protoss039 the Gusty (Deep Elf Air Elementalist)    Turns: 3689, Time: 00:04:02

Health: -2/24      AC:  3    Str:  5    XL:     4   Next: 5%
Magic:  1/11       EV: 13    Int: 22    God:
Gold:   98         SH:  0    Dex: 15    Spells: 3/10 levels left

rFire   . . .      SeeInvis .   j - +2 short sword (venom)
rCold   . . .      Faith    .   (no shield)
rNeg    . . .      Spirit   .   a - +0 robe
rPois   .          Reflect  .   (no helmet)
rElec   .          Harm     .   c - +0 cloak
rCorr   .          Rampage  .   (no gloves)
Will    .....                   (no boots)
Stlth   ++........              (no amulet)
HPRegen 0.08/turn               (no ring)
MPRegen 0.12/turn               (no ring)

@: very slightly contaminated
A: no striking features
a: no special abilities


You were on level 3 of the Dungeon.
You visited 1 branch of the dungeon, and saw 3 of its levels.

You collected 98 gold pieces.

Inventory:

Hand Weapons
 j - a +2 short sword of venom (weapon)
Armour
 a - a +0 robe (worn)
 c - a +0 cloak (worn)
Jewellery
 f - a ring of fire
Scrolls
 b - a scroll of fear {unknown}
 h - a scroll of enchant weapon {unknown}
 i - 3 scrolls of identify {unknown}
Potions
 d - 2 potions of invisibility {unknown}
 e - a potion of heal wounds {unknown}
 g - 2 potions of lignification {unknown}


   Skills:
 - Level 3.0 Dodging
 - Level 3.0 Stealth
 + Level 3.8 Spellcasting
 + Level 1.6 Conjurations
 + Level 3.9 Air Magic


You had 3 spell levels left.
You knew the following spells:

 Your Spells              Type           Power      Damage    Failure   Level
a - Shock                 Conj/Air       64%        1d7       3%          1
b - Static Discharge      Conj/Air       16%        N/A       5%          2
c - Swiftness             Air            21%        N/A       7%          3
d - Apportation           Tloc           8%         N/A       12%         1

Your spell library contained the following spells:

 Spells                   Type           Power      Damage    Failure   Level
 Animate Skeleton         Necr           8%         N/A       12%         1
 Summon Small Mammal      Summ           16%        N/A       12%         1
 Ensorcelled Hibernation  Hex/Ice        8%         N/A       17%         2
 Passwall                 Tmut/Erth      3%         N/A       17%         2
 Airstrike                Air            10%        N/A       22%         4


Dungeon Overview and Level Annotations

Branches:
Dungeon (3/15)

Altars:

Annotations:
D:3 Grinder, Sigmund


Message History

Grinder is severely wounded.
The zap hits Grinder.
Grinder is almost dead.
Unknown command.
Unknown command.
Casting: Shock (safe; 3% risk of failure)
Confirm with . or Enter, or press ? or * to list all spells.
Aiming: Shock (safe; 3% risk of failure)
Press: ? - help, Shift-Dir - straight line
Okay, then.
Casting: Shock (safe; 3% risk of failure)
Confirm with . or Enter, or press ? or * to list all spells.
Aiming: Shock (safe; 3% risk of failure)
Press: ? - help, Shift-Dir - straight line
Okay, then.
Casting: Shock (safe; 3% risk of failure)
Confirm with . or Enter, or press ? or * to list all spells.
Aiming: Shock (safe; 3% risk of failure)
Press: ? - help, Shift-Dir - straight line You miscast Shock.
You are very lightly contaminated with residual magic.
Nothing appears to happen.
Grinder hits you.
You writhe in agony.
Unknown command.
Unknown command.
Unknown command.
You hit Grinder.
Grinder is almost dead.
Grinder gestures at you.
You suddenly lose the ability to move!
Grinder hits you.
You writhe in agony.
Grinder gestures at you. Pain shoots through your body!
* * * LOW HITPOINT WARNING * * *
You can move again.
Unknown command.
Unknown command.
You hit Grinder.
Grinder is almost dead.
Grinder hits you!
You die...

#.####. ..#..##
##.##....
#..#K.#..
##.##b...#
#..)###...
#.#..5####
#.###.$g#. .
##.5@###... .
#..#.†.###. .##
##.####...# #..
#..#..#.#...# #.#
##.##....##.## #.#
#..#..#..#..#
#.####.##....##.##
#.......###..#..#
#.#####...####.##


You could see Grinder.

Vanquished Creatures
  An adder (D:2)
  3 dart slugs
  5 ball pythons
  An endoplasm (D:2)
  3 giant cockroaches
  3 goblins
  9 hobgoblins
  3 quokkas
  2 bats
  5 frilled lizards (D:1)
  15 kobolds
  5 rats
55 creatures vanquished.

Vanquished Creatures (others)
  2 plants (D:1)
2 creatures vanquished.

Grand Total: 57 creatures vanquished

Notes
Turn   | Place    | Note
-------+----------+-------------------------------------------
     0 | D:1      | protoss039 the Deep Elf Air Elementalist began the quest
                  | for the Orb.
     0 | D:1      | Reached XP level 1. HP: 10/10 MP: 6/6
   335 | D:1      | Reached XP level 2. HP: 12/15 MP: 8/8
  1289 | D:1      | Found a faded altar of an unknown god.
  1730 | D:1      | Learned a level 2 spell: Static Discharge
  1736 | D:2      | Reached XP level 3. HP: 16/19 MP: 6/9
  2346 | D:2      | Learned a level 3 spell: Swiftness
  3423 | D:3      | Noticed Sigmund
  3428 | D:3      | Learned a level 1 spell: Apportation
  3460 | D:3      | Reached XP level 4. HP: 24/24 MP: 11/11
  3667 | D:3      | Noticed Grinder
  3686 | D:3      | Paralysed by Grinder for 3 turns
  3689 | D:3      | Slain by Grinder

Illustrated notes

Levels and vault maps discovered:
D:1:      minmay_arrival_arboretum_small, layout_basic,
          shapermc_ecumenical_altar_acropolis, nrook_uturn,
          lexackson_kobold_supper
D:2:      layout_loops_corners
D:3:      minmay_skewed_foursquare, layout_loops_ring, uniq_grinder,
          uniq_terence, uniq_sigmund, uniq_pargi

Skill      XL: |  1  2  3 |
---------------+----------+-----
Dodging        | 3 |  3.0
Stealth        | 3 |  3.0
Spellcasting   | |  3.8
Conjurations   | |  1.6
Air Magic      | |  3.9

Action                   |  1- 3 |  4- 6 || total
-------------------------+-------+-------++-------
Melee: Unarmed           |     7 |       ||     7
       Short sword       |    72 |    10 ||    82
       Punch             |     2 |       ||     2
 Cast: Shock             |    68 |     1 ||    69
       Static Discharge  |    10 |     5 ||    15
 Stab: Sleeping          |     6 |     1 ||     7
Armor: Robe              |    24 |     5 ||    29
Dodge: Dodged            |    62 |     3 ||    65
